cohdb
Replays
Latest Replays
All Replays
Popular Replays
Top Player Replays
Match Explorer
How It Works
Community
CoH3 Stats
Reddit
Sign in to upload your games and track your stats! →
Sign in with Steam
Match 46585072
Unlisted
Match 46585072
Overview
Messages
Build Orders
End
Kradschützen Motorcycle Team
Panzergrenadier Squad
Panzergrenadier Squad
Construct Light Support Kompanie
Assault Grenadier Squad
2.5-tonne Medical Truck
Fire Support Elements
Assault Mechanized Group
Panzerjäger Squad
Construct Panzerarmee Kommand
Veteran Squad Leaders
Selects Panzerjäger Kommand Battlegroup
Selects Tank Busters
Selects Crew Shock Tactics
Selects Tank Busters
Selects Mine Fields
Selects Defensive Positions
Flakvierling Half-track
Panzerjäger Squad
Assault Mechanized Group
Selects Butterfly Bomb Drop
Selects Crew Shock Tactics
Walking Stuka Rocket Launcher
Armored Reserves
Panzer IV Assault Group
Butterfly Bomb Drop
Selects Elefant Tank Destroyer
SteveMcQueef
Dark Lord Cthulhu
0
0
Comments
sign in to comment!
No comments posted yet!